AoeStats
← Stephan

Arena

508391374Analyzed
4v4 RM · 11d ago on Sep 22, 2026· 42m 9s· 8 players
Game mode
Random Map
Map size
Large (8 player)
Population
200
Speed
Normal
Resources
Standard
Victory
Conquest
Starting age
Dark Age
Ending age
Imperial Age
RankedLock teamsTeams togetherTeam positionsShared explorationLock speedFull tech treeHidden civsTurbo modeCheats
Victory
Defeat
🇹🇷 Huns · Türkiye
1203
+11
🇹🇷 Inca · Türkiye
1129
+14
🇹🇼 Persians · Taiwan
1117
+14
🇬🇧 Romans · United Kingdom
1088
+15
🇳🇵 Mongols · Nepal
1115
-15
🇦🇺 Koreans · Australia
1075
-13
🇨🇳 Britons · China
1068
-13
🇷🇺 Turks · Russia
1056
-13
thebestofblue
9:09 Loom
11:18 Feudal Age
16:44 Castle Age
15:52 Double-Bit Axe
16:23 Horse Collar
22:55 Wheelbarrow
23:09 Bow Saw
25:00 Hand Cart
24:55 Heavy Plow
25:28 Gold Mining
25:29 Stone Mining
26:16 Scale Mail Armor
26:26 Forging
29:32 Ballistics
31:46 Imperial Age
30:46 Scale Mail Armor
30:56 Forging
31:05 Man-at-Arms
31:46 Squires
32:24 Chain Mail Armor
32:23 Fortified Wall
33:07 Gold Shaft Mining
32:02 Heavy Scorpion
32:06 Long Swordsman
33:31 Ballistas
33:53 Legionary
35:16 Iron Casting
37:41 Siege Engineers
38:24 Crop Rotation
Albus
9:58 Feudal Age
8:14 Loom
10:35 Horse Collar
10:40 Double-Bit Axe
17:31 Castle Age
16:57 Wheelbarrow
19:12 Bow Saw
22:24 Squires
22:39 Scale Mail Armor
24:09 Champi Runner
24:36 Arson
24:11 Pikeman
25:38 Chain Mail Armor
25:33 Forging
25:12 Champi Warrior
26:07 Gold Mining
26:08 Stone Mining
26:32 Heavy Plow
27:35 Gold Shaft Mining
26:52 Stone Mining
29:44 Iron Casting
33:39 Imperial Age
32:34 Stone Shaft Mining
33:43 Elite Kamayuk
34:43 Conscription
35:23 Fabric Shields
36:28 Blast Furnace
35:59 Plate Mail Armor
36:04 Elite Champi Warrior
36:15 Capped Ram
39:00 Siege Ram
Stephan
10:46 Feudal Age
14:53 Castle Age
12:49 Double-Bit Axe
13:08 Horse Collar
16:15 Bow Saw
18:48 Heavy Plow
22:18 Wheelbarrow
24:36 Hand Cart
25:02 Loom
28:56 Imperial Age
26:24 Gold Mining
26:27 Stone Mining
27:17 Bloodlines
27:08 Husbandry
27:15 Scale Barding Armor
27:33 Forging
28:11 Gold Shaft Mining
28:45 Chain Barding Armor
28:46 Cavalier
30:37 Two-Man Saw
30:10 Crop Rotation
30:36 Plate Barding Armor
31:01 Conscription
32:04 Chemistry
32:52 Iron Casting
33:50 Hoardings
33:11 Heavy Camel Rider
33:32 Light Cavalry
34:33 Hussar
40:41 Blast Furnace
40:04 Ballistics
40:55 Savar
Jewish MasterMind
10:48 Feudal Age
16:19 Castle Age
15:05 Double-Bit Axe
15:22 Horse Collar
16:04 Stone Mining
17:04 Loom
18:30 Forging
18:57 Scale Barding Armor
20:22 Fletching
21:26 Bloodlines
25:03 Town Watch
25:53 Wheelbarrow
28:14 Bow Saw
28:37 Heavy Plow
33:04 Imperial Age
31:05 Bodkin Arrow
31:49 Hand Cart
32:43 Padded Archer Armor
33:54 Bracer
34:30 Conscription
34:34 Ballistics
35:04 Murder Holes
36:17 Chemistry
35:47 Gold Mining
37:08 Two-Man Saw
35:39 Heavy Cavalry Archer
36:35 Husbandry
37:45 Leather Archer Armor
38:01 Parthian Tactics
37:42 Thumb Ring
40:26 Masonry
41:29 Gold Shaft Mining
42:37 Chain Barding Armor
Nwelt
5:10 Loom
13:01 Feudal Age
13:26 Double-Bit Axe
13:22 Horse Collar
18:28 Castle Age
19:28 Padded Archer Armor
19:18 Fletching
20:04 Town Watch
20:42 Bodkin Arrow
22:00 Wheelbarrow
27:44 Leather Archer Armor
33:11 Imperial Age
36:39 Conscription
40:41 Guilds
dont.rush.me.bro
11:12 Feudal Age
15:47 Castle Age
14:52 Horse Collar
15:38 Double-Bit Axe
17:39 Wheelbarrow
19:52 Loom
22:22 Bow Saw
23:50 Gold Mining
25:51 Gold Shaft Mining
25:19 Heavy Plow
29:11 Imperial Age
26:59 Town Watch
28:27 Squires
28:13 Gambesons
27:48 Pikeman
28:43 Forging
28:33 Scale Mail Armor
29:34 Hand Cart
29:21 Town Patrol
29:20 Halberdier
31:10 Chain Mail Armor
31:31 Iron Casting
30:20 Heavy Rocket Cart
31:16 Stone Mining
32:26 Plate Mail Armor
35:21 Shinkichon
36:30 Fletching
38:48 Bodkin Arrow
40:25 Conscription
Pay It Forward
0:43 Loom
10:43 Feudal Age
16:12 Castle Age
14:47 Horse Collar
15:28 Double-Bit Axe
16:32 Gold Mining
17:34 Scale Mail Armor
17:28 Fletching
22:47 Ballistics
22:55 Fortified Wall
24:35 Wheelbarrow
25:07 Bodkin Arrow
25:33 Padded Archer Armor
27:51 Hand Cart
28:03 Leather Archer Armor
29:07 Bow Saw
31:19 Gold Shaft Mining
31:20 Herbal Medicine
31:19 Treadmill Crane
32:59 Yeomen
33:31 Masonry
33:17 Town Watch
36:31 Imperial Age
34:28 Stone Mining
36:37 Elite Longbowman
37:37 Conscription
37:26 Bracer
37:56 Ring Archer Armor
39:04 Hoardings
39:46 Chemistry
39:17 Architecture
38:28 Treadmill Crane
38:54 Siege Engineers
38:46 Murder Holes
snowttle
9:29 Feudal Age
14:38 Castle Age
12:57 Loom
13:47 Wheelbarrow
13:12 Double-Bit Axe
13:11 Horse Collar
13:21 Loom
16:26 Wheelbarrow
18:18 Heavy Plow
22:48 Bow Saw
22:43 Gold Mining
24:29 Scale Barding Armor
24:35 Forging
24:45 Hand Cart
25:07 Gold Shaft Mining
25:34 Chain Barding Armor
25:41 Stone Mining
26:41 Bloodlines
26:31 Husbandry
27:15 Iron Casting
26:31 Fletching
26:42 Padded Archer Armor
27:56 Stone Shaft Mining
31:16 Imperial Age
29:01 Town Watch
30:17 Bodkin Arrow
30:37 Leather Archer Armor
32:22 Ballistics
33:04 Chemistry
32:33 Conscription
31:45 Heavy Camel Rider
34:49 Parthian Tactics
34:30 Thumb Ring
34:08 Elite Skirmisher
35:00 Bracer
36:01 Blast Furnace
34:58 Elite Mangudai
39:52 Murder Holes
40:08 Masonry
39:57 Light Cavalry
Connection lost

Rejoining the realm…

Still unreachable

The connection could not be restored.

Session expired

The server has moved on; the page needs a fresh start.